[Event "Titled Tuesday Blitz October 31 Early 2023"]
[White "Mitrabha, Guha"]
[Black "Galchenko, Matvey"]
[WhiteFideId "5057000"]
[BlackFideId "24175480"]
[WhiteElo "2836"]
[BlackElo "2913"]
[Result "0-1"]
[Round "5"]
[TimeControl "180+1"]
[Date "2023.10.31"]
[WhiteClock "0:00:05"]
[BlackClock "0:00:05"]
[Board "12"]

1. Nf3 c5 2. c4 g6 3. d4 cxd4 4. Nxd4 Bg7 5. e4 Nc6 6. Be3 Nf6 7. Nc3 O-O 8. Be2 d6 9. O-O Nxd4 10. Bxd4 a5 11. b3 Bd7 12. Qd2 Bc6 13. f3 Nd7 14. Rfd1 Bxd4+ 15. Qxd4 Qb6 16. Qxb6 Nxb6 17. Kf2 f5 18. exf5 gxf5 19. f4 Kf7 20. g3 Rfc8 21. Bd3 Kf6 22. Ne2 a4 23. Nd4 Bd7 24. Rac1 axb3 25. axb3 e5 26. Nc2 Ra2 27. Be2 Ke7 28. Nb4 Rb2 29. Rc3 Be6 30. fxe5 dxe5 31. Nd3 Ra2 32. Nxe5 Nd5 33. Rcc1 Nf6 34. Ke3 Ne4 35. Nd3 Ra3 36. Ra1 Rxb3 37. Rdb1 Bxc4 38. Rxb3 Bxb3 39. Nf4 Rc7 40. Bd3 Nd6 41. Ra5 Kf6 42. Nh5+ Kg5 43. Nf4 Bc4 44. Bb1 b5 45. Ra6 Rd7 46. Ra8 b4 47. Rb8 b3 48. Rb6 Bf7 49. Bd3 Bc4 50. Bb1 h6 51. Kf3 Kf6 52. Ke3 Ke5 53. Rb8 Bf7 54. Bd3 Rc7 55. Ne2 Bc4 56. Rb4 Bd5 57. Nf4 Be4 58. Rxb3 Rc1 59. Ra3 Rh1 60. Ra5+ Kf6 61. Ra6 Ke5 62. Ra5+ Kf6 63. Ra6 Ke7 64. h3 Bxd3 65. Nxd3 Ne4 66. Kf4 Rxh3 67. Kxf5 Nd6+ 68. Kg4 Rh1 69. Nf4 Rb1 70. Ra7+ Kf6 71. Ra6 Ke5 72. Ra5+ Kf6 73. Rd5 Ne4 74. Rf5+ Kg7 75. Nh5+ Kg6 76. Nf4+ Kg7 77. Re5 Rb4 78. Nh5+ Kf7 79. Nf4 Nf6+ 80. Kf5 Rb3 81. Ne2 Rf3+ 82. Nf4 Rxg3 83. Re6 Rg5# 0-1


[Site "https://www.chess.com"]

[Event "Titled Tuesday Blitz October 31 Early 2023"]
[White "Naroditsky, Daniel"]
[Black "Danielyan, Vahe"]
[WhiteFideId "2026961"]
[BlackFideId "13304828"]
[WhiteElo "3169"]
[BlackElo "2752"]
[Result "1-0"]
[Round "5"]
[TimeControl "180+1"]
[Date "2023.10.31"]
[WhiteClock "0:00:10"]
[BlackClock "0:00:11"]
[Board "13"]

1. e4 c5 2. c3 d5 3. exd5 Qxd5 4. d4 g6 5. Nf3 Nh6 6. Na3 cxd4 7. Nb5 Na6 8. Be3 Nf5 9. Qa4 Bd7 10. Bxd4 Nxd4 11. Qxd4 Qxd4 12. Nfxd4 Bg7 13. Be2 O-O 14. O-O e5 15. Nb3 Bc6 16. Rad1 Rfc8 17. Na5 Nc7 18. Nd6 Rcb8 19. Bc4 Ne6 20. f4 exf4 21. Nxf7 Kxf7 22. Nxc6 bxc6 23. Rxf4+ Kg8 24. Bxe6+ Kh8 25. Bb3 a5 26. Rd7 Rf8 27. Rxf8+ Bxf8 28. Kf1 a4 29. Bc4 Rb8 30. b4 Bg7 31. Rd3 a3 32. Ke2 Bf6 33. Re3 Kg7 34. Bb3 Rd8 35. h3 Rd7 36. Bc4 Bg5 37. Re6 Rd2+ 38. Kf3 Rc2 39. Rxc6 Rxc3+ 40. Ke4 h5 41. b5 Rc2 42. b6 Rb2 43. Bb3 Bd8 44. b7 1-0


[Site "https://www.chess.com"]

[Event "Titled Tuesday Blitz October 31 Early 2023"]
[White "Makarian, Rudik"]
[Black "NovozhilovSemen"]
[WhiteFideId "44105681"]
[WhiteElo "3039"]
[BlackElo "2734"]
[Result "1-0"]
[Round "5"]
[TimeControl "180+1"]
[Date "2023.10.31"]
[WhiteClock "0:00:08"]
[BlackClock "0:00:05"]
[Board "14"]

1. d4 Nf6 2. c4 e6 3. Nf3 d5 4. g3 dxc4 5. Bg2 Nc6 6. Qa4 Bb4+ 7. Bd2 Nd5 8. Bxb4 Nxb4 9. Nc3 Bd7 10. O-O a5 11. Qd1 O-O 12. e3 a4 13. a3 Nd5 14. Qe2 Na5 15. Ne5 Nb6 16. Rad1 Be8 17. d5 Qe7 18. f4 f6 19. Nf3 exd5 20. Nxd5 Nxd5 21. Rxd5 Bc6 22. Rd4 b5 23. Nh4 Bxg2 24. Kxg2 Nb3 25. Rdd1 Rad8 26. Qg4 Kh8 27. Kh3 Nd2 28. Rfe1 Ne4 29. Kg2 Rd3 30. Qh5 Qf7 31. Qxb5 Rfd8 32. Rxd3 cxd3 33. Qxa4 Qd5 34. Nf3 h5 35. Rd1 h4 36. Qd4 h3+ 37. Kg1 c5 38. Qxd5 Rxd5 39. Kf1 c4 40. Nd2 Nd6 41. Rc1 Rb5 42. Nxc4 Nxc4 43. Rxc4 Rxb2 44. Rd4 d2 45. g4 d1=Q+ 46. Rxd1 Rxh2 47. Kg1 Rg2+ 48. Kh1 Rg3 49. Re1 Rg2 50. Ra1 Rb2 51. a4 Kg8 52. a5 Kf7 53. a6 Rb8 54. a7 Ra8 55. Kh2 Ke6 56. Kxh3 Kd5 57. Kg3 Ke4 58. Kf2 g5 59. Ra4+ Kd5 60. Kf3 Ke6 61. Ra6+ Kf7 62. Ke4 1-0


[Site "https://www.chess.com"]

[Event "Titled Tuesday Blitz October 31 Early 2023"]
[White "Elsa167"]
[Black "Karthik Rajaa"]
[BlackFideId "25035215"]
[WhiteElo "2990"]
[BlackElo "2731"]
[Result "1-0"]
[Round "5"]
[TimeControl "180+1"]
[Date "2023.10.31"]
[WhiteClock "0:00:14"]
[BlackClock "0:00:04"]
[Board "15"]

1. d4 Nf6 2. c4 g6 3. Nc3 Bg7 4. e4 d6 5. h3 O-O 6. Be3 e5 7. d5 Na6 8. g4 Nc5 9. f3 c6 10. Qd2 a5 11. Nge2 a4 12. Ng3 cxd5 13. cxd5 Qa5 14. h4 b5 15. Nxb5 Qb6 16. Rc1 Nfd7 17. h5 Ba6 18. Na3 Bxf1 19. Kxf1 Rab8 20. Nc4 Qa6 21. Kg2 Rfc8 22. Rc2 Nxe4 23. Nxe4 Rxc4 24. Rhc1 Rxc2 25. Rxc2 Nf6 26. h6 Nxe4 27. fxe4 Bf8 28. g5 Qb5 29. Kf3 Qf1+ 30. Kg3 Qh1 31. Qg2 Qb1 32. Qf2 Qxa2 33. Rc7 f5 34. gxf6 Rxb2 35. f7+ 1-0


[Site "https://www.chess.com"]

[Event "Titled Tuesday Blitz October 31 Early 2023"]
[White "Kosteniuk, Alexandra"]
[Black "Oparin, Grigoriy"]
[WhiteFideId "4128125"]
[BlackFideId "24125890"]
[WhiteElo "2726"]
[BlackElo "2985"]
[Result "0-1"]
[Round "5"]
[TimeControl "180+1"]
[Date "2023.10.31"]
[WhiteClock "0:00:00"]
[BlackClock "0:00:18"]
[Board "16"]

1. e4 c6 2. d4 d5 3. e5 c5 4. dxc5 e6 5. Nf3 Bxc5 6. Bd3 Ne7 7. O-O Ng6 8. Nbd2 Nc6 9. Nb3 Be7 10. Re1 O-O 11. Nbd4 Bd7 12. c3 a6 13. g3 Nxd4 14. Nxd4 Bc5 15. h4 f5 16. h5 Ne7 17. Nc2 h6 18. Bf4 Bb5 19. Bxb5 axb5 20. Qd2 Nc6 21. a3 Ra4 22. b4 Ba7 23. Kg2 Qd7 24. Rad1 Rc8 25. Qd3 Ne7 26. Kh2 Rc4 27. f3 Bb6 28. Bc1 Ra8 29. Bb2 Qe8 30. Kg2 Qxh5 31. Rh1 Qf7 32. f4 Rac8 33. Ne1 Ng6 34. Qd2 Re4 35. Nf3 Rcc4 36. Rhe1 Nxf4+ 37. gxf4 Qg6+ 38. Kf1 Rxf4 39. Qg2 Rg4 40. Qh2 Rcf4 41. Rd3 Rg1+ 42. Qxg1 Qxg1+ 0-1


[Site "https://www.chess.com"]

[Event "Titled Tuesday Blitz October 31 Early 2023"]
[White "Maximov, Dmitry"]
[Black "Bok, Benjamin"]
[WhiteFideId "14105659"]
[BlackFideId "1017063"]
[WhiteElo "2726"]
[BlackElo "2963"]
[Result "0-1"]
[Round "5"]
[TimeControl "180+1"]
[Date "2023.10.31"]
[WhiteClock "0:00:00"]
[BlackClock "0:00:02"]
[Board "17"]

1. e4 c5 2. Nf3 d6 3. c3 Nf6 4. Bc4 Nc6 5. d3 a6 6. Bb3 Bg4 7. Nbd2 e6 8. h3 Bh5 9. Qe2 Be7 10. Nf1 h6 11. Ng3 Bg6 12. O-O O-O 13. Bf4 Rc8 14. Rad1 b5 15. Rfe1 Re8 16. e5 Nh5 17. Nxh5 Bxh5 18. exd6 Bxd6 19. Bxd6 Qxd6 20. Qe3 Rcd8 21. Bc2 Qd5 22. Bb3 Qd6 23. Bc2 Rd7 24. Rd2 Red8 25. Rde2 Qd5 26. g4 Bg6 27. Rd2 Bh7 28. Bb3 Qd6 29. Red1 a5 30. a4 b4 31. Bc4 Ne7 32. Bb5 Nd5 33. Qe1 bxc3 34. bxc3 Nxc3 35. Bxd7 Nxd1 36. Bxe6 Qxe6 37. Qxd1 Qd5 38. Re2 Bxd3 39. Re5 Qd6 40. Qc1 c4 41. Rxa5 Be4 42. Qe3 Qd1+ 43. Ne1 Bb7 44. Rb5 Ba8 45. Re5 c3 46. Qxc3 Qxa4 47. Qe3 Qc6 48. f3 Kh8 49. Kf2 Qd6 50. Kg3 f6 51. f4 fxe5 52. fxe5 Qd5 53. Kh4 Re8 54. Nd3 Qd8+ 55. Kg3 Qg5 56. Nf4 Kh7 57. Qd3+ Kg8 58. Qc4+ Kh8 59. e6 Qf6 60. Qd3 Qe5 0-1


[Site "https://www.chess.com"]

[Event "Titled Tuesday Blitz October 31 Early 2023"]
[White "Zhigalko, Sergei"]
[Black "Kislinsky, Alexey"]
[WhiteFideId "13502956"]
[BlackFideId "14108801"]
[WhiteElo "2959"]
[BlackElo "2725"]
[Result "0-1"]
[Round "5"]
[TimeControl "180+1"]
[Date "2023.10.31"]
[WhiteClock "0:00:00"]
[BlackClock "0:00:08"]
[Board "18"]

1. e4 c5 2. Nf3 Nc6 3. c3 Nf6 4. e5 Nd5 5. Bc4 Nb6 6. Bb3 d5 7. exd6 Qxd6 8. O-O c4 9. Bc2 Bg4 10. Re1 O-O-O 11. b3 Qf6 12. Na3 Nd5 13. Bb2 Bxf3 14. Qxf3 Qxf3 15. gxf3 cxb3 16. axb3 e6 17. Nc4 a6 18. b4 Be7 19. d4 Kb8 20. Ne3 Bd6 21. Bd3 Nce7 22. b5 axb5 23. Bxb5 Nc7 24. Bf1 Kc8 25. Reb1 Kd7 26. c4 Rb8 27. Bc3 Rhc8 28. Ra7 b6 29. d5 exd5 30. Bh3+ Kd8 31. Bxg7 Ra8 32. Rxa8 Rxa8 33. cxd5 Bc5 34. Nc4 Nexd5 35. Rd1 Ke8 36. Ne5 f6 37. Nc6 Ra2 38. Bh6 Rxf2 39. Kh1 Rxf3 40. Bg2 Rf5 41. Re1+ Kf7 42. Nd8+ Kg6 43. Be4 Kxh6 44. Bxf5 Ne3 45. Be4 f5 46. Bd3 Kg5 47. Nf7+ Kf6 48. Nh6 Ncd5 0-1


[Site "https://www.chess.com"]

[Event "Titled Tuesday Blitz October 31 Early 2023"]
[White "Daneshvar, Bardiya"]
[Black "Hua, Lefong"]
[WhiteFideId "12576468"]
[BlackFideId "2602253"]
[WhiteElo "2946"]
[BlackElo "2722"]
[Result "1-0"]
[Round "5"]
[TimeControl "180+1"]
[Date "2023.10.31"]
[WhiteClock "0:01:32"]
[BlackClock "0:00:25"]
[Board "19"]

1. Nf3 Nf6 2. b3 g6 3. Bb2 Bg7 4. d3 O-O 5. Nbd2 c5 6. g3 Nc6 7. Bg2 d6 8. O-O Rb8 9. e3 b5 10. c4 a6 11. a3 Bb7 12. Rc1 Qb6 13. Rc2 Rfc8 14. Qa1 Ba8 15. Rb1 b4 16. Ne4 Ne8 17. Bxg7 Nxg7 18. a4 a5 19. h4 Qd8 20. Bh3 f5 21. Ned2 e5 22. d4 cxd4 23. exd4 e4 24. Nh2 Qf6 25. d5 Nd4 26. Ra2 Ne2+ 27. Kh1 Nc3 28. Re1 Qe5 29. Rb2 Qd4 30. Kg1 Re8 31. Nhf1 Nh5 32. Nb1 f4 33. Rd2 Qe5 34. Nxc3 bxc3 35. Rde2 Nf6 36. Qb1 f3 37. Re3 Qd4 38. Qc2 Rb4 39. Rxc3 Reb8 40. Nd2 Kg7 41. Nxe4 Nxe4 42. Rxe4 Qf6 43. Rf4 Qe5 44. Rcxf3 R4b7 45. Be6 Re7 46. Rf7+ Rxf7 47. Rxf7+ Kh8 48. Qd3 Qe1+ 49. Kh2 Qe5 50. Qf3 1-0


[Site "https://www.chess.com"]

[Event "Titled Tuesday Blitz October 31 Early 2023"]
[White "djokovic74"]
[Black "Xu, Xiangyu"]
[BlackFideId "8608288"]
[WhiteElo "2714"]
[BlackElo "2922"]
[Result "1-0"]
[Round "5"]
[TimeControl "180+1"]
[Date "2023.10.31"]
[WhiteClock "0:00:02"]
[BlackClock "0:00:20"]
[Board "20"]

1. e4 c5 2. Nf3 d6 3. d4 cxd4 4. Nxd4 Nf6 5. Nc3 a6 6. Be2 e5 7. Nb3 Be7 8. O-O O-O 9. Kh1 Nbd7 10. a4 b6 11. Be3 Bb7 12. f3 Rc8 13. Qd2 h5 14. Rfd1 h4 15. Bf1 Nh5 16. Qf2 f5 17. exf5 Rxf5 18. Bd3 Rf8 19. Bg6 Nf4 20. Bxf4 Rxf4 21. Be4 Bxe4 22. Nxe4 Qf8 23. Qe2 h3 24. g3 Rxf3 25. Rf1 Rf7 26. c3 d5 27. Nf2 e4 28. Nxh3 Ne5 29. Nd4 Bc5 30. Ng5 Rxf1+ 31. Rxf1 Qe7 32. Qh5 g6 33. Qh3 Re8 34. Nde6 Nf3 35. Qh6 Ne5 36. Rf7 Qxf7 37. Nxf7 Kxf7 38. Nc7 Rd8 39. Qf4+ 1-0


[Site "https://www.chess.com"]

[Event "Titled Tuesday Blitz October 31 Early 2023"]
[White "Mikaelyan, Arman"]
[Black "Szpar, Milosz"]
[WhiteFideId "13304852"]
[BlackFideId "1184989"]
[WhiteElo "2912"]
[BlackElo "2716"]
[Result "1/2-1/2"]
[Round "5"]
[TimeControl "180+1"]
[Date "2023.10.31"]
[WhiteClock "0:00:07"]
[BlackClock "0:00:09"]
[Board "21"]

1. d4 d5 2. Nf3 Nf6 3. c4 e6 4. Nc3 dxc4 5. e4 b5 6. e5 Nd5 7. Nxb5 Nb6 8. Be2 Nc6 9. O-O Be7 10. a3 O-O 11. Be3 Rb8 12. Rc1 Na5 13. Nxa7 Bd7 14. d5 Nxd5 15. Bd2 c5 16. a4 Nb3 17. Rxc4 Nxd2 18. Qxd2 Nb6 19. Rg4 Nxa4 20. Qh6 g6 21. Rd1 Qc7 22. Nb5 Rxb5 23. Rxa4 Rxb2 24. Re4 Qb7 25. Re3 Ba4 26. Rf1 Rb1 27. h4 Rxf1+ 28. Bxf1 Rd8 29. Ng5 Bxg5 30. hxg5 Rd1 31. Rh3 Rxf1+ 32. Kxf1 Qb1+ 33. Ke2 Qd1+ 34. Ke3 Qe1+ 35. Kf3 Bc6+ 36. Kg3 Qxe5+ 37. f4 Qe3+ 38. Kh2 Qxf4+ 39. Kg1 Qc1+ 40. Kh2 Qf4+ 41. Kg1 Qd4+ 42. Kh2 Qe5+ 43. Kg1 Qa1+ 44. Kh2 Qg7 45. Qxg7+ Kxg7 46. Rc3 h6 47. Rxc5 Bd5 48. gxh6+ Kxh6 49. g4 Kg5 50. Kg3 f5 51. gxf5 gxf5 52. Rc8 f4+ 53. Kf2 Kf5 54. Rf8+ Ke4 55. Rb8 Kd4 56. Rb4+ Bc4 57. Rb8 e5 58. Rd8+ Bd5 59. Rf8 Ke4 60. Rf6 Bc4 61. Rf8 Kd4 62. Rf6 Kd5 63. Kf3 Kd4 64. Rxf4+ exf4 65. Kxf4 1/2-1/2


[Site "https://www.chess.com"]

[Event "Titled Tuesday Blitz October 31 Early 2023"]
[White "Djokic, Mihailo"]
[Black "Mahdavi, Reza"]
[WhiteFideId "976440"]
[BlackFideId "12595926"]
[WhiteElo "2708"]
[BlackElo "2912"]
[Result "0-1"]
[Round "5"]
[TimeControl "180+1"]
[Date "2023.10.31"]
[WhiteClock "0:00:49"]
[BlackClock "0:01:20"]
[Board "22"]

1. e4 c5 2. Nf3 Nc6 3. d4 cxd4 4. Nxd4 Nf6 5. Nc3 e5 6. Ndb5 d6 7. Bg5 a6 8. Bxf6 gxf6 9. Na3 f5 10. exf5 Bxf5 11. Nd5 b5 12. c3 Bg7 13. Nc2 O-O 14. Nce3 Bg6 15. h4 h6 16. a4 bxa4 17. Qxa4 Ne7 18. Bc4 Kh8 19. Rd1 f5 20. Nxe7 Qxe7 21. Nd5 Qa7 22. h5 Bf7 23. Be2 Rab8 24. Qxa6 Qxa6 25. Bxa6 Rxb2 26. Be2 Ra8 27. Bc4 Ra4 28. Rh4 e4 29. Be2 Bxd5 30. Rxd5 Bxc3+ 31. Kf1 Ra1+ 32. Rd1 Rbb1 0-1


[Site "https://www.chess.com"]

[Event "Titled Tuesday Blitz October 31 Early 2023"]
[White "Erdogmus, Yagiz Kaan"]
[Black "Nagare Kaivalya Sandip"]
[WhiteFideId "44599790"]
[BlackFideId "25957929"]
[WhiteElo "2906"]
[BlackElo "2700"]
[Result "1-0"]
[Round "5"]
[TimeControl "180+1"]
[Date "2023.10.31"]
[WhiteClock "0:01:47"]
[BlackClock "0:00:33"]
[Board "23"]

1. d4 Nf6 2. c4 g6 3. Nc3 Bg7 4. e4 d6 5. g3 O-O 6. Bg2 Nc6 7. Nge2 e5 8. d5 Nd4 9. O-O Re8 10. Be3 Nxe2+ 11. Qxe2 Ng4 12. Bd2 h5 13. h3 Nf6 14. Bg5 Qd7 15. b4 Nh7 16. Bd2 h4 17. gxh4 Qe7 18. h5 Qh4 19. hxg6 fxg6 20. Qd3 Ng5 21. Qg3 Nxh3+ 22. Kh2 Qh5 23. Bxh3 Rf8 24. Kg2 Bxh3+ 25. Qxh3 Qxh3+ 26. Kxh3 Rf3+ 27. Kg2 Raf8 28. Be3 g5 29. Ne2 g4 30. Ng3 a6 31. Rh1 1-0


[Site "https://www.chess.com"]

[Event "Titled Tuesday Blitz October 31 Early 2023"]
[White "Rustemov, Alexander"]
[Black "Ovetchkin, Roman"]
[WhiteFideId "4119002"]
[BlackFideId "4119991"]
[WhiteElo "2896"]
[BlackElo "2695"]
[Result "1/2-1/2"]
[Round "5"]
[TimeControl "180+1"]
[Date "2023.10.31"]
[WhiteClock "0:00:13"]
[BlackClock "0:00:21"]
[Board "24"]

1. d4 d5 2. c4 dxc4 3. Nf3 a6 4. e3 b5 5. a4 Bb7 6. b3 cxb3 7. axb5 axb5 8. Rxa8 Bxa8 9. Bxb5+ c6 10. Be2 e6 11. Qxb3 Nd7 12. O-O Ngf6 13. Nbd2 c5 14. Ba3 Bd5 15. Bc4 cxd4 16. Nxd4 Bxa3 17. Qxa3 Qe7 18. Qa7 O-O 19. Bxd5 Nxd5 20. Rb1 Ne5 21. Rb7 Qh4 22. N2f3 Nxf3+ 23. Nxf3 Qe4 24. h3 h6 25. Rb8 Rxb8 26. Qxb8+ Kh7 27. Qb7 Kg8 28. Qc8+ Kh7 29. Qe8 Qf5 30. Nd4 Qb1+ 31. Kh2 Qb7 32. Nc6 Qc7+ 33. Kg1 Nf6 34. Qa8 Ne4 35. Qa4 f5 36. Qc2 Qd6 37. Nd4 1/2-1/2


[Site "https://www.chess.com"]

[Event "Titled Tuesday Blitz October 31 Early 2023"]
[White "Preotu, Razvan"]
[Black "Henriquez Villagra, Cristobal"]
[WhiteFideId "2613280"]
[BlackFideId "3409350"]
[WhiteElo "2693"]
[BlackElo "2894"]
[Result "0-1"]
[Round "5"]
[TimeControl "180+1"]
[Date "2023.10.31"]
[WhiteClock "0:00:00"]
[BlackClock "0:00:14"]
[Board "25"]

1. e4 d6 2. d4 Nf6 3. Nc3 e5 4. Nf3 Nbd7 5. Bc4 Be7 6. O-O O-O 7. a4 h6 8. Re1 c6 9. h3 Re8 10. d5 Bf8 11. a5 b5 12. Bb3 b4 13. dxc6 bxc3 14. cxd7 Bxd7 15. bxc3 Bc6 16. Nd2 Rc8 17. Ba3 Rc7 18. c4 Nd7 19. Nf1 Qa8 20. f3 Nc5 21. Bxc5 dxc5 22. Ne3 Rd8 23. Qe2 Rcd7 24. Red1 Rxd1+ 25. Rxd1 g6 26. Rd3 Kg7 27. Qd2 Be7 28. Qc3 Rd4 29. Nd5 Bh4 30. f4 Qb8 31. fxe5 Qxe5 32. Rxd4 cxd4 33. Qf3 Bd8 34. a6 Qd6 35. c5 Qxc5 36. e5 d3+ 37. Kf1 dxc2 38. Qc3 Qxc3 39. Nxc3 c1=Q+ 0-1


[Site "https://www.chess.com"]

[Event "Titled Tuesday Blitz October 31 Early 2023"]
[White "Ozates, Tuna"]
[Black "Kovalev, Vladislav"]
[WhiteFideId "6354521"]
[BlackFideId "13504398"]
[WhiteElo "2684"]
[BlackElo "2872"]
[Result "0-1"]
[Round "5"]
[TimeControl "180+1"]
[Date "2023.10.31"]
[WhiteClock "0:00:01"]
[BlackClock "0:00:16"]
[Board "26"]

1. e4 e5 2. Nf3 Nc6 3. Nc3 Nf6 4. g3 Bc5 5. Bg2 a6 6. O-O d6 7. d3 h6 8. h3 Be6 9. Re1 Qd7 10. Nd5 O-O-O 11. c4 Bxh3 12. Rb1 Nxd5 13. cxd5 Nd4 14. b4 Nxf3+ 15. Qxf3 Bd4 16. Bxh3 Qxh3 17. b5 axb5 18. Rxb5 Rhf8 19. Be3 f5 20. Bxd4 exd4 21. Reb1 b6 22. e5 f4 23. e6 fxg3 24. Qxg3 Qxg3+ 25. fxg3 Rf3 26. Rc1 Kb7 27. Kg2 Rxd3 28. Rb2 Rc3 29. Re1 Rc5 30. e7 Re8 31. Rf2 Kc8 32. Rf7 Rxd5 33. Rxg7 Kd7 34. Kf3 d3 35. Ke4 Re5+ 0-1


[Site "https://www.chess.com"]

[Event "Titled Tuesday Blitz October 31 Early 2023"]
[White "Ashraf, Artin"]
[Black "Mendez Fortes, Eduardo Jesus"]
[WhiteFideId "22514805"]
[BlackFideId "3502376"]
[WhiteElo "2836"]
[BlackElo "2681"]
[Result "1-0"]
[Round "5"]
[TimeControl "180+1"]
[Date "2023.10.31"]
[WhiteClock "0:02:23"]
[BlackClock "0:01:04"]
[Board "27"]

1. e4 e5 2. Nf3 Nc6 3. Bb5 a6 4. Ba4 Nf6 5. O-O Nxe4 6. Re1 Nc5 7. Nxe5 Nxe5 8. Rxe5+ Be7 9. Bb3 Nxb3 10. axb3 O-O 11. d4 d5 12. Re1 Bf6 13. Bf4 Bf5 14. Be5 Bg6 15. Nc3 c6 16. Na4 Be7 17. Nc5 Qc8 18. b4 b6 19. Na4 Qb7 20. Qd2 Rfe8 21. b3 Bf8 22. Nb2 Re6 23. c4 dxc4 24. bxc4 Rae8 25. Re3 a5 26. bxa5 bxa5 27. c5 Bxc5 28. dxc5 Rxe5 29. Rxe5 Rxe5 30. Qd8+ 1-0


[Site "https://www.chess.com"]

[Event "Titled Tuesday Blitz October 31 Early 2023"]
[White "Sychev, Klementy"]
[Black "Rosen, Eric"]
[WhiteFideId "4114060"]
[BlackFideId "2032562"]
[WhiteElo "2828"]
[BlackElo "2677"]
[Result "1-0"]
[Round "5"]
[TimeControl "180+1"]
[Date "2023.10.31"]
[WhiteClock "0:00:11"]
[BlackClock "0:00:01"]
[Board "28"]

1. e4 c5 2. Nf3 e6 3. d4 cxd4 4. Nxd4 Nc6 5. Nc3 Qc7 6. Ndb5 Qb8 7. a4 a6 8. Na3 Na5 9. g3 b6 10. Bf4 d6 11. Qd2 Bb7 12. O-O-O e5 13. Bxe5 Nf6 14. Bxf6 gxf6 15. Nd5 Qd8 16. Bh3 Bc8 17. Bf5 Bg7 18. Ne3 O-O 19. Qxd6 Qe8 20. Qxb6 Qxa4 21. Rd4 Qc6 22. Qxa5 Be6 23. Bxe6 fxe6 24. Rc4 Qe8 25. Rd1 Qg6 26. Qb6 f5 27. exf5 Qf6 28. Qxe6+ Kh8 29. Qxf6 Bxf6 30. Rc6 Rab8 31. Nac4 a5 32. Nd5 Bg7 33. f6 Bh6+ 34. f4 a4 35. Ne5 a3 36. bxa3 Ra8 37. Rd3 Kg8 38. g4 Rfe8 39. g5 Bf8 40. f7+ Kh8 41. fxe8=Q Rxe8 42. Rc7 Bg7 43. Nf6 Rf8 44. Rd8 h6 45. Ng6# 1-0


[Site "https://www.chess.com"]

[Event "Titled Tuesday Blitz October 31 Early 2023"]
[White "Molina, Roberto Junio Brito"]
[Black "Yen, William"]
[WhiteFideId "2109450"]
[BlackFideId "30932025"]
[WhiteElo "2818"]
[BlackElo "2677"]
[Result "1-0"]
[Round "5"]
[TimeControl "180+1"]
[Date "2023.10.31"]
[WhiteClock "0:02:32"]
[BlackClock "0:02:07"]
[Board "29"]

1. d4 Nf6 2. c4 c5 3. d5 b5 4. cxb5 a6 5. b6 d6 6. Nc3 Nbd7 7. e4 g6 8. Nf3 Bg7 9. a4 Nxb6 10. a5 Nbd7 11. Be2 O-O 12. O-O Rb8 13. Re1 Rb4 14. Nd2 Ne5 15. h3 e6 16. f4 Ned7 17. dxe6 fxe6 18. Bf3 d5 19. exd5 exd5 20. Nxd5 Rd4 21. Ne7+ Kh8 22. Nc6 1-0


[Site "https://www.chess.com"]

[Event "Titled Tuesday Blitz October 31 Early 2023"]
[White "Sadykov, Ramil"]
[Black "Alexandre, Anne Shopie Elizabeth"]
[WhiteFideId "24113590"]
[BlackFideId "11902418"]
[WhiteElo "2677"]
[BlackElo "2815"]
[Result "0-1"]
[Round "5"]
[TimeControl "180+1"]
[Date "2023.10.31"]
[WhiteClock "0:00:03"]
[BlackClock "0:01:07"]
[Board "30"]

1. e4 c5 2. Nf3 d6 3. Bb5+ Nd7 4. c4 Nf6 5. Nc3 g6 6. d4 cxd4 7. Nxd4 Bg7 8. Be3 O-O 9. Bxd7 Bxd7 10. f3 a6 11. a4 Rc8 12. Qd3 Bc6 13. a5 Nd7 14. O-O Ne5 15. Qe2 Bd7 16. b3 e6 17. Rfd1 Qe7 18. Rac1 Rfd8 19. Qd2 Be8 20. Bg5 Bf6 21. Bxf6 Qxf6 22. Nc2 Nc6 23. Na4 Ne5 24. Nb6 Rb8 25. Ne3 Qe7 26. Qf2 Nd7 27. Ng4 h5 28. Nxd7 Bxd7 29. Ne3 Be8 30. Rd4 Qc7 31. Qd2 b6 32. axb6 Qxb6 33. Rd3 a5 34. Rd1 Qc5 35. h3 Rb6 36. Kh1 Rdb8 37. Qc2 Rb4 38. Ra1 Ra8 39. Qd2 Ra6 40. Nc2 Rb8 41. Nd4 a4 42. bxa4 Rxa4 43. Rxa4 Bxa4 44. Nb5 Bxb5 45. cxb5 Rxb5 46. Rxd6 Rb1+ 47. Kh2 Qe5+ 48. f4 Qxe4 49. Rd8+ Kh7 50. Qd4 Qxd4 51. Rxd4 h4 52. Rd7 Kg7 53. Rd4 Rf1 54. Re4 Kf6 55. Rd4 Kf5 56. Rd7 f6 57. Rh7 Rxf4 58. g3 Rf2+ 59. Kg1 hxg3 60. Rb7 0-1


[Site "https://www.chess.com"]

[Event "Titled Tuesday Blitz October 31 Early 2023"]
[White "Barrientos, Sergio E"]
[Black "Kamsky, Gata"]
[WhiteFideId "4401824"]
[BlackFideId "2000024"]
[WhiteElo "2671"]
[BlackElo "2811"]
[Result "0-1"]
[Round "5"]
[TimeControl "180+1"]
[Date "2023.10.31"]
[WhiteClock "0:01:34"]
[BlackClock "0:02:07"]
[Board "31"]

1. e4 c5 2. Nf3 e6 3. Nc3 a6 4. g3 b5 5. Bg2 Bb7 6. d3 Nc6 7. O-O Be7 8. h3 d6 9. Nh2 Nf6 10. f4 b4 11. Ne2 d5 12. g4 dxe4 13. g5 exd3 14. gxf6 dxe2 15. fxg7 exf1=Q+ 16. Qxf1 Rg8 0-1


[Site "https://www.chess.com"]

[Event "Titled Tuesday Blitz October 31 Early 2023"]
[White "Vakhlamov, Igor L."]
[Black "Sharapov, Evgeny"]
[WhiteFideId "24126748"]
[BlackFideId "14103133"]
[WhiteElo "2799"]
[BlackElo "2669"]
[Result "1-0"]
[Round "5"]
[TimeControl "180+1"]
[Date "2023.10.31"]
[WhiteClock "0:01:13"]
[BlackClock "0:01:10"]
[Board "32"]

1. e4 c5 2. Nf3 d6 3. Nc3 e5 4. Bc4 Be7 5. d3 Nf6 6. h3 O-O 7. Nh2 Nc6 8. Ng4 Kh8 9. O-O Rb8 10. Ne3 Be6 11. a4 a6 12. Ned5 Nd4 13. a5 Nc6 14. f4 Bxd5 15. Nxd5 Nxd5 16. Bxd5 f6 17. Bd2 f5 18. fxe5 fxe4 19. Rxf8+ Bxf8 20. e6 exd3 21. cxd3 Nd4 22. Bc3 Be7 23. Bxd4 cxd4 24. Qh5 g6 25. Qf3 Bf6 26. Bxb7 Be5 27. Bxa6 Rxb2 28. Bc4 h5 29. a6 Qb6 30. e7 Rb1+ 31. Rxb1 Qxb1+ 32. Qf1 Bh2+ 33. Kxh2 Qxf1 34. e8=Q+ 1-0


[Site "https://www.chess.com"]